 Dungeon Crawl Stone Soup version 0.23.2-1-ga50397a6bc (webtiles) character file.

Game seed: 16223319854240406301

595 MisterOstroum the Charmwright (level 7, 0/36 HPs)
             Began as a Spriggan Skald on May 18, 2019.
             Was a Follower of Makhleb.
             Succumbed to a scorpion's poison
             ... on level 5 of the Dungeon on May 19, 2019.
             The game lasted 00:45:38 (5854 turns).

MisterOstroum the Charmwright (Spriggan Skald)      Turns: 5854, Time: 00:45:39

Health: 0/36       AC:  2    Str:  7 (8)  XL:     7   Next: 17%
Magic:  13/15      EV: 20    Int: 14 (15) God:    Makhleb [*.....]
Gold:   143        SH:  0    Dex: 15 (16) Spells: 7/16 levels left

rFire    . . .     SeeInvis +   a - +0 short sword
rCold    + . .     Gourm    .   (shield restricted)
rNeg     . . .     Faith    .   b - +0 robe
rPois    .         Spirit   .   (helmet restricted)
rElec    .         Reflect  .   (no cloak)
rCorr    .         Harm     .   (gloves unavailable)
MR       +....                  (boots unavailable)
Stlth    ++........             (no amulet)
HPRegen  0.12/turn              i - ring of protection from cold
MPRegen  0.14/turn              (no ring)

@: lethally poisoned (0 -> -8), infused (expiring), very quick
A: very small, unfitting armour, see invisible, herbivore, speed 3, slow
metabolism 2
a: Renounce Religion


You were on level 5 of the Dungeon.
You worshipped Makhleb.
Makhleb was aware of your devotion.
You were not hungry.

You visited 1 branch of the dungeon, and saw 5 of its levels.

You collected 143 gold pieces.

Inventory:

Hand Weapons
 a - a +0 short sword (weapon)
 q - a +0 hunting sling
 y - a +2 hand axe of flaming
Missiles
 k - 39 stones (quivered)
 n - 43 sling bullets
Armour
 b - a +0 robe (worn)
Jewellery
 i - a ring of protection from cold (left hand)
Wands
 j - a wand of flame (9)
 D - a wand of paralysis (3)
Scrolls
 c - a scroll of random uselessness {unknown}
 f - 2 scrolls of immolation {unknown}
 l - 2 scrolls of identify {unknown}
 p - a scroll of enchant weapon {unknown}
 r - a scroll of noise {unknown}
 s - 3 scrolls of remove curse {unknown}
 t - 3 scrolls of enchant armour {unknown}
 u - 2 scrolls of amnesia {unknown}
 v - 2 scrolls of teleportation {unknown}
 w - a scroll of blinking {unknown}
Potions
 d - a potion of resistance {unknown}
 g - a potion of brilliance {unknown}
 h - a potion of magic {unknown}
 m - a potion of flight {unknown}
 o - a potion of haste {@q4 !q}
 x - 2 potions of mutation {unknown}
 z - a potion of lignification {unknown}
 A - a potion of degeneration
 B - a potion of might {unknown}
 C - 2 potions of curing {unknown}
Comestibles
 e - 8 rations


   Skills:
 + Level 3.1 Fighting
 + Level 4.6 Short Blades
 - Level 5.0 Dodging
 + Level 2.3 Stealth
 - Level 5.0 Spellcasting
 - Level 3.2 Hexes
 - Level 5.0 Charms


You had 7 spell levels left.
You knew the following spells:

 Your Spells              Type           Power        Failure   Level  Hunger
a - Infusion              Chrm           ###.         2%          1    None
b - Spectral Weapon       Hex/Chrm       ###.....     10%         3    ###....
c - Shroud of Golubria    Chrm/Tloc      ##........   10%         2    ##.....
d - Song of Slaying       Chrm           ###.....     3%          2    ##.....
e - Beastly Appendage     Tmut           #.....       17%         1    None

Your spell library contained the following spells:

 Spells                   Type           Power        Failure   Level  Hunger
 Regeneration             Chrm/Necr      ##........   19%         3    ###....
 Sticks to Snakes         Tmut           #.......     26%         2    ##.....
 Spider Form              Tmut/Pois      #.........   45%         3    ###....
 Ice Form                 Ice/Tmut       #.......     86%         4    ####...
 Blade Hands              Tmut           #.........   99%         5    ######.


Dungeon Overview and Level Annotations

Branches:
Dungeon (5/15)
 Temple: D:4-7

Altars:
Makhleb
Qazlal
Ru
Trog
Uskayaw
Wu Jian
Yredelemnul

Annotations:
D:4 3 runed translucent doors, FluffierThanThou's ghost, amateur MiHu; GreenRAT's ghost, amateur GrMo; endorz's ghost, novice GrFi
D:5 1 runed translucent door, Sondor's ghost, amateur DsGl


Innate Abilities, Weirdness & Mutations

You are very small and have problems with some larger weapons.
You are too small for most types of armour.
You have supernaturally acute eyesight. (SInv)
You are a herbivore.
You cover ground extremely quickly.
You need to consume almost no food.


Message History

Sondor's ghost whispers, "The ORB doesn't exist."
Magic restored.
The gnoll shaman is too close now for your liking.
You start resting.
Sondor's ghost says, "Live by the sword, die by the sword."
Sondor's ghost holds its blade at the ready.
HP restored.
Found a stone staircase leading down.
There is a stone staircase leading down here.
Found an ornate altar of the Wu Jian Council.
You now have 143 gold pieces (gained 4).
You are feeling hungry.
You eat one of the 9 rations.
That ration really hit the spot!
A scorpion is nearby!
Throwing (i - inventory)
k - 44 stones (quivered)
Press: ? - help, Shift-Dir - straight line, f - scorpion
Aim: a scorpion (hasn't noticed you)
You throw a stone. The stone closely misses the scorpion.
Casting: Shroud of Golubria (safe; 9% risk of failure)
Confirm with . or Enter, or press ? or * to list all spells.
You begin infusing your attacks with magical energy.
Throwing (i - inventory)
k - 43 stones (quivered)
Press: ? - help, Shift-Dir - straight line, f/p - scorpion
Aim: a scorpion You throw a stone.
The stone closely misses the scorpion.
Throwing (i - inventory)
k - 42 stones (quivered)
Press: ? - help, Shift-Dir - straight line, f/p - scorpion
Aim: a scorpion You throw a stone.
The stone hits the scorpion but does no damage.
Throwing (i - inventory)
k - 41 stones (quivered)
Press: ? - help, Shift-Dir - straight line, f/p - scorpion
Aim: a scorpion You throw a stone.
The stone barely misses the scorpion.
Throwing (i - inventory)
k - 40 stones (quivered)
Press: ? - help, Shift-Dir - straight line, f/p - scorpion
Aim: a scorpion You throw a stone.
The stone hits the scorpion but does no damage.
The scorpion stings you!
You hit the scorpion but do no damage. You barely miss the scorpion.
The scorpion closely misses you.
You hit the scorpion.
The scorpion is moderately wounded.
The scorpion stings you but does no damage.
You hit the scorpion.
The scorpion is moderately wounded.
The scorpion stings you.
You hit the scorpion.
The scorpion is heavily wounded.
The scorpion barely misses you.
You closely miss the scorpion.
The scorpion is heavily wounded.
The scorpion completely misses you.
You barely miss the scorpion.
The scorpion is heavily wounded.
The scorpion misses you.
You closely miss the scorpion.
The scorpion is heavily wounded.
The scorpion barely misses you.
You barely miss the scorpion.
The scorpion is heavily wounded.
You completely miss the scorpion.
The scorpion is heavily wounded.
The scorpion closely misses you.
You hit the scorpion but do no damage.
The scorpion is heavily wounded.
The scorpion misses you.
You hit the scorpion but do no damage.
The scorpion is heavily wounded.
The scorpion stings you.
You hit the scorpion.
The scorpion is heavily wounded.
The scorpion stings you.
You hit the scorpion.
The scorpion is heavily wounded.
The scorpion stings you.
You barely miss the scorpion.
The scorpion is heavily wounded.
The scorpion stings you!
* * * LOW HITPOINT WARNING * * *
You are lethally poisoned!
The scorpion poisons you!
You hit the scorpion.
The scorpion is severely wounded.
* * * LOW HITPOINT WARNING * * *
You feel sick. The scorpion closely misses you.
You hit the scorpion.
The scorpion is almost dead.
* * * LOW HITPOINT WARNING * * *
You feel sick.
* * * LOW HITPOINT WARNING * * *
You feel sick.
Your magical infusion is running out.
* * * LOW HITPOINT WARNING * * *
You feel sick.
It was a potion of degeneration.
There was something very wrong with that liquid.
You feel weakened.
You feel dopey.
You feel clumsy.
You die...

#..##..# ####.#
...###.# #.# .#..
..# #.# ...##### #.#
#.## ########.# #.
#........# #.
........>#### ## #
#.######.##.##.##..#
#..@.s......#
#.####.####.#
#.##.....#
#.#.......#
#.#...(...# #######
#....._..... .......
#..#...(...#.#
######. #
#..#.......#.#
l........ ..
##.....## #


You could see a scorpion.

Vanquished Creatures
  A phantom (D:4)
  A centaur zombie (D:5)
  4 orc priests
  An orc wizard (D:4)
  Ijyb (D:4)
  3 worker ants
  A hound skeleton (D:4)
  7 adders
  3 gnolls
  An adder skeleton (D:4)
  An adder zombie (D:5)
  3 worms
  2 dart slugs (D:1)
  4 leopard geckos
  14 orcs
  3 ball pythons
  4 giant cockroaches
  6 goblins
  9 hobgoblins
  14 kobolds
  3 quokkas
  7 bats
  4 frilled lizards
  A leopard gecko skeleton (D:4)
  4 rats
102 creatures vanquished.

Vanquished Creatures (others)
  A plant (D:2)
  4 withered plants (D:4)
5 creatures vanquished.

Grand Total: 107 creatures vanquished

Notes
Turn   | Place    | Note
-------+----------+-------------------------------------------
     0 | D:1      | MisterOstroum the Spriggan Skald began the quest for the
                  | Orb.
     0 | D:1      | Reached XP level 1. HP: 10/10 MP: 5/5
   229 | D:1      | Reached XP level 2. HP: 9/14 MP: 2/6
   233 | D:1      | Learned a level 2 spell: Song of Slaying
   439 | D:1      | Learned a level 2 spell: Shroud of Golubria
  1093 | D:2      | Reached XP level 3. HP: 16/18 MP: 8/8
  1121 | D:2      | Learned a level 3 spell: Spectral Weapon
  1171 | D:2      | Reached skill level 5 in Charms
  1487 | D:2      | Reached skill level 1 in Hexes
  1513 | D:2      | Reached XP level 4. HP: 20/23 MP: 2/10
  1596 | D:2      | Found a burning altar of Makhleb.
  1676 | D:2      | Became a worshipper of Makhleb the Destroyer
  2349 | D:3      | Reached XP level 5. HP: 14/26 MP: 4/12
  2590 | D:3      | Learned a level 1 spell: Beastly Appendage
  2656 | D:3      | Found a bloodstained altar of Trog.
  2657 | D:3      | Found a stormy altar of Qazlal.
  2657 | D:3      | Found a basalt altar of Yredelemnul.
  2674 | D:3      | Reached * piety under Makhleb
  2850 | D:3      | Found a sacrificial altar of Ru.
  3502 | D:4      | Reached XP level 6. HP: 22/32 MP: 6/13
  3636 | D:4      | Noticed Ijyb
  3683 | D:4      | Killed Ijyb
  4270 | D:4      | Found a hide-covered altar of Uskayaw.
  4780 | D:4      | Reached skill level 1 in Stealth
  4853 | D:4      | Found a runed translucent gate.
  4853 | D:4      | Found a runed translucent gate.
  4853 | D:4      | Found a runed translucent gate.
  4854 | D:4      | Noticed FluffierThanThou's ghost (amateur MiHu)
  4854 | D:4      | Noticed endorz's ghost (novice GrFi)
  4855 | D:4      | Noticed GreenRAT's ghost (amateur GrMo)
  4992 | D:5      | Entered Level 5 of the Dungeon
  5186 | D:4      | Reached skill level 5 in Spellcasting
  5363 | D:4      | Paralysed by an orc priest for 5 turns
  5374 | D:4      | Reached XP level 7. HP: 15/36 MP: 10/15
  5551 | D:5      | Found a runed translucent door.
  5551 | D:5      | Noticed Sondor's ghost (amateur DsGl)
  5589 | D:5      | Reached skill level 5 in Dodging
  5822 | D:5      | Found an ornate altar of the Wu Jian Council.
  5852 | D:5      | HP: 1/36 [poisoned by a scorpion]
  5854 | D:5      | Succumbed to a scorpion's poison

Skill      XL: |  1  2  3  4  5  6  7 |
---------------+----------------------+-----
Spellcasting   | 3 4 5 |  5.0
Short Blades   | 3 4 |  4.6
Charms         | 5 |  5.0
Hexes          | 1 2 3 |  3.2
Fighting       | 2 3 |  3.1
Dodging        | 4 5 |  5.0
Stealth        | 1 2 |  2.3

Action                   |  1- 3 |  4- 6 |  7- 9 || total
-------------------------+-------+-------+-------++-------
Melee: Short sword       |   139 |   271 |    44 ||   454
       Kick              |       |     7 |     2 ||     9
       Headbutt          |       |     1 |       ||     1
Throw: Stone             |     7 |    63 |     6 ||    76
 Cast: Infusion          |     7 |    21 |     2 ||    30
       Shroud of Golubri |       |     7 |     2 ||     9
       Spectral Weapon   |       |     7 |       ||     7
       Beastly Appendage |       |     8 |     1 ||     9
       Song of Slaying   |       |     1 |       ||     1
Evoke: Wand              |       |     4 |       ||     4
  Use: Potion            |       |     3 |     1 ||     4
 Stab: Sleeping          |     5 |       |       ||     5
  Eat: Ration            |       |     2 |     1 ||     3
Armor: Robe              |    16 |    17 |     2 ||    35
Dodge: Dodged            |   111 |   176 |    32 ||   319
